 Dungeon Crawl Stone Soup version 0.17-a0-128-g90bd1c5 (webtiles) character file.

3439 Tabbe the Cleaver (level 9, -11/75 HPs)
             Began as a Minotaur Berserker on Mar 18, 2015.
             Was a High Priest of Trog.
             Hit by a large rock thrown by a cyclops (34 damage)
             ... on level 8 of the Dungeon on Mar 23, 2015.
             The game lasted 00:12:22 (5523 turns).

Tabbe the Cleaver (Minotaur Berserker)              Turns: 5523, Time: 00:12:22

Health: -11/75     AC:  7    Str: 22    XL:     9   Next: 77%
Magic:  13/13      EV: 15    Int:  4    God:    Trog [*****.]
Gold:   333        SH:  0    Dex: 16    Spells: 0 memorised, 8 levels left

rFire  . . .     SeeInvis .     G - +2 battleaxe (flame)
rCold  . . .     Clarity  .     x - +3 leather armour of Zin's Outrage {Dex+3}
rNeg   . . .     SustAb   +     (no shield)
rPois  .         Gourm    .     (helmet restricted)
rElec  .         Spirit   .     (no cloak)
rCorr  .         Warding  .     L - +0 pair of gloves
rMut   .         Stasis   .     (no boots)
MR     ++...                    z - amulet of regeneration (curse)
Stlth  +.........               n - ring of sustain abilities
                                y - ring of magical power

@: regenerating, very resistant to hostile enchantments, very unstealthy
A: retaliatory headbutt, horns 2
a: Burn Spellbooks, Berserk, Trog's Hand, Brothers in Arms, Renounce Religion


You were on level 8 of the Dungeon.
You worshipped Trog.
Trog was extremely pleased with you.
You were very hungry.

You visited 1 branch of the dungeon, and saw 8 of its levels.
You also visited: Sewer.

You collected 383 gold pieces.
You spent 50 gold pieces at shops.

Inventory:

Hand weapons
 a - a +0 hand axe
 w - a +1 mace of holy wrath
 G - a +2 battleaxe of flaming (weapon)
Missiles
 C - 26 bolts
Armour
 b - a +0 animal skin
 p - a +0 leather armour of magic resistance
 x - the +3 leather armour of Zin's Outrage (worn) {Dex+3}
   (You found it on level 4 of the Dungeon)

   It affects your dexterity (+3).
 L - a +0 pair of gloves (worn)
Jewellery
 n - a ring of sustain abilities (right hand)
 y - a ring of magical power (left hand)
 z - a cursed amulet of regeneration (around neck)
 J - an uncursed ring of ice
Magical devices
 q - a wand of polymorph (9)
 s - a wand of confusion (23)
 M - a wand of enslavement (19)
Scrolls
 c - 2 scrolls of amnesia {unknown}
 e - 6 scrolls of magic mapping {unknown}
 h - a scroll of random uselessness {unknown}
 j - 3 scrolls of remove curse {unknown}
 m - 2 scrolls of enchant armour {unknown}
 o - 5 scrolls of identify {unknown}
 r - 3 scrolls of enchant weapon {unknown}
 t - a scroll of immolation {unknown}
 B - a scroll of fear {unknown}
 H - a scroll of noise {unknown}
Potions
 d - 2 potions of agility {unknown}
 g - 2 potions of brilliance {unknown}
 i - 5 potions of curing {unknown}
 k - a potion of degeneration {unknown}
 l - 3 potions of poison {unknown}
 D - a potion of resistance {unknown}
 F - 2 potions of restore abilities {unknown}
Books
 I - a book of Transfigurations

   Spells                             Type                      Level
   a - Stoneskin                      Transmutation/Earth          2
   b - Irradiate                      Conjuration/Transmutation    5
   c - Statue Form                    Transmutation/Earth          6
   d - Hydra Form                     Transmutation                6
   e - Dragon Form                    Transmutation                7
   Trog disapproves of the use of such an item.
 K - a book of Minor Magic

   Spells                             Type                      Level
   a - Magic Dart                     Conjuration                  1
   b - Blink                          Translocation                2
   c - Call Imp                       Summoning                    2
   d - Repel Missiles                 Charms/Air                   2
   e - Slow                           Hexes                        2
   f - Conjure Flame                  Conjuration/Fire             3
   g - Mephitic Cloud                 Conjuration/Poison/Air       3
   Trog disapproves of the use of such an item.
Comestibles
 u - 6 bread rations
 v - a slice of pizza
 A - 4 meat rations
 E - 3 fruits
 N - 2 chunks of flesh


   Skills:
 - Level 6.2 Fighting
 + Level 14.2 Axes
 - Level 4.4 Armour
 - Level 5.2 Dodging


You had 8 spell levels left.
You didn't know any spells.

Dungeon Overview and Level Annotations

Branches:
Dungeon (8/15)             Temple (0/1) D:4
   Lair: D:8-11

Altars:
Ashenzari
Elyvilon
Fedhas
Gozag
Yredelemnul

Shops:
D:4 !   D:8 }


Innate Abilities, Weirdness & Mutations

You reflexively headbutt those who attack you in melee.
You have a pair of horns on your head.


Message History

You hit the skeletal warrior. You burn the skeletal warrior.
The skeletal warrior is severely damaged.
The skeletal warrior hits you with a short sword of electrocution!
You are electrocuted!
* * * LOW HITPOINT WARNING * * *
Unknown command.
You hit the skeletal warrior! You burn the skeletal warrior.
The skeletal warrior is almost destroyed.
The skeletal warrior hits you with a short sword of electrocution.
* * * LOW HITPOINT WARNING * * *
Unknown command.
You closely miss the skeletal warrior.
The skeletal warrior is almost destroyed.
The skeletal warrior barely misses you. You furiously retaliate!
You headbutt the skeletal warrior, but do no damage.
You hit the skeletal warrior!! You burn the skeletal warrior.
You destroy the skeletal warrior!
Your Axes skill increases to level 14!
The cyclops throws a large rock.
The large rock hits you!!
You die...

#.......# ###
#####.##...#####
#...............
#####.##.####### #####
#.##..# #...# #)##..#
####.#### #)##..#
#(##.##.##.##.# #.##...
#.......†.C)@.# #.##...#
#%##.##.##.##.####.###..#
####.#####..(# ..# #...#
##.### . ##.####..#
#'###..## #.....##
#######


You could see a cyclops.

Vanquished Creatures
  A skeletal warrior (D:8)
  2 two-headed ogres (D:8)
  A hippogriff (D:7)
  A vampire mosquito (D:8)
  A sky beast (D:8)
  A phantom (D:8)
  An ice beast (D:6)
  3 ogres
  An orc warrior (D:7)
  The ghost of DerLolli the Sneak, an average KoAs (D:3)
  A crocodile (D:8)
  Blork the orc (D:5)
  4 giant frogs
  A scorpion (D:6)
  2 crimson imps
  4 hounds
  2 centaur zombies (D:7)
  2 centaur skeletons
  4 jellies
  2 giant frog skeletons
  A giant frog zombie (D:7)
  3 iguanas
  2 orc wizards (D:7)
  3 worker ants
  Jessica (D:3)
  A hound zombie (D:7)
  A mummy (D:8)
  A worker ant zombie (D:6)
  11 adders
  4 shadow imps
  A river rat (D:3)
  8 giant mites
  A worm (D:2)
  An adder skeleton (D:5)
  3 giant geckos
  2 oozes (D:2)
  19 orcs
  A bat zombie (D:7)
  13 giant cockroaches
  13 hobgoblins
  11 jackals
  3 ball pythons
  11 bats
  A giant gecko skeleton (D:4)
  13 giant newts
  14 goblins
  A jackal skeleton (D:5)
  A jackal zombie (D:6)
  9 kobolds
  2 quokkas (D:5)
  17 rats
209 creatures vanquished.

Notes
Turn   | Place    | Note
--------------------------------------------------------------
     0 | D:1      | Tabbe, the Minotaur Berserker, began the quest for the Orb.
     0 | D:1      | Reached XP level 1. HP: 19/19 MP: 1/1
   325 | D:1      | Reached XP level 2. HP: 18/27 MP: 1/1
   385 | D:1      | Reached skill level 4 in Axes
   834 | D:2      | Acquired Trog's second power
   903 | D:2      | Reached XP level 3. HP: 20/33 MP: 2/2
  1080 | D:2      | Reached XP level 4. HP: 33/40 MP: 2/2
  1500 | D:3      | Noticed DerLolli's ghost (average KoAs)
  1506 | D:3      | Killed DerLolli's ghost
  1506 | D:3      | Reached skill level 5 in Axes
  1506 | D:3      | Reached XP level 5. HP: 47/47 MP: 2/2
  1562 | D:3      | Noticed Jessica
  1571 | D:3      | Killed Jessica
  1766 | D:3      | Found a glowing drain.
  1779 | Sewer    | Entered a sewer
  1974 | Sewer    | Reached XP level 6. HP: 53/55 MP: 3/3
  1975 | Sewer    | Upgraded the game from 0.17-a0-107-gcb34577 to 0.17-a0-128-g90bd1c5
  2077 | Sewer    | Acquired Trog's third power
  2083 | Sewer    | Reached skill level 5 in Fighting
  2495 | D:4      | Got a fine leather armour
  2509 | D:4      | Identified the +3 leather armour of Zin's Outrage {Dex+3} (You found it on level 4 of the Dungeon)
  2559 | D:4      | Found an opulent altar of Gozag.
  2573 | D:4      | Found a blossoming altar of Fedhas.
  2581 | D:4      | Found a shattered altar of Ashenzari.
  2584 | D:4      | Found a white marble altar of Elyvilon.
  2819 | D:4      | Found Etaelum's Distillery.
  2829 | D:4      | Bought a potion of heal wounds for 50 gold pieces
  2881 | D:4      | Found a staircase to the Ecumenical Temple.
  2941 | D:5      | Entered Level 5 of the Dungeon
  2955 | D:5      | Reached skill level 6 in Axes
  2955 | D:5      | Reached XP level 7. HP: 59/62 MP: 3/3
  3134 | D:5      | Reached skill level 5 in Dodging
  3361 | D:5      | Noticed Blork the orc
  3379 | D:5      | Killed Blork the orc
  3759 | D:5      | Received a gift from Trog
  4217 | D:6      | Reached skill level 7 in Axes
  4237 | D:6      | Reached skill level 8 in Axes
  4250 | D:6      | Reached XP level 8. HP: 32/70 MP: 3/3
  4620 | D:6      | Reached skill level 9 in Axes
  4642 | D:6      | Found a basalt altar of Yredelemnul.
  4854 | D:7      | Reached skill level 10 in Axes
  5064 | D:7      | Reached skill level 11 in Axes
  5367 | D:8      | Found Vosocw's Gadget Shoppe.
  5401 | D:8      | Reached XP level 9. HP: 64/75 MP: 4/4
  5438 | D:8      | Noticed a two-headed ogre
  5440 | D:8      | Noticed a two-headed ogre
  5447 | D:8      | Reached skill level 12 in Axes
  5448 | D:8      | Killed a two-headed ogre
  5451 | D:8      | Killed a two-headed ogre
  5454 | D:8      | Reached skill level 13 in Axes
  5492 | D:8      | Noticed a skeletal warrior
  5499 | D:8      | Noticed a cyclops
  5523 | D:8      | Killed a skeletal warrior
  5523 | D:8      | Reached skill level 14 in Axes
  5523 | D:8      | Hit by a large rock thrown by a cyclops

Action                   |  1- 3 |  4- 6 |  7- 9 || total
-------------------------+-------+-------+-------++-------
Melee: Hand axe          |    73 |   158 |    56 ||   287
       Battleaxe         |       |       |   151 ||   151
Invok: Berserk           |       |     1 |     1 ||     2
       Trog's Hand       |       |       |     2 ||     2
Evoke: Wand              |       |       |     2 ||     2
  Use: Potion            |       |       |     4 ||     4
 Stab: Confused          |       |       |     3 ||     3
       Sleeping          |       |       |     1 ||     1
  Eat: Chunk             |       |     2 |     8 ||    10
       Bread ration      |       |     1 |       ||     1
       Fruit             |       |       |     1 ||     1
       Beef jerky        |       |       |     1 ||     1
